 Dungeon Crawl Stone Soup version 0.31.0-12-g77e489cdc1 (webtiles) character file.

Game seed: 11105456799634429171

2972 Ensor the Trooper (level 9, -5/66 HPs)
             Began as an Octopode Hedge Wizard on Feb 11, 2024.
             Was an Initiate of Gozag.
             Slain by a boulder beetle (22 damage)
             ... on level 7 of the Dungeon.
             The game lasted 00:21:02 (8655 turns).

Ensor the Trooper (Octopode Hedge Wizard)           Turns: 8655, Time: 00:21:03

Health: -5/66      AC:  1    Str:  9    XL:     9   Next: 82%
Magic:  24/31      EV: 14    Int: 27    God:    Gozag
Gold:   830        SH:  5    Dex: 13    Spells: 8/14 levels left

rFire   + . .        i - +9 dagger of Superiority {flame, +Blink Dex+2}
rCold   . . .        g - +0 buckler
rNeg    . . .        f - +0 hat
rPois   .            (no amulet)
rElec   .            M - ring of magical power
rCorr   .            v - ring of see invisible
SInv    +            I - +6 ring of intelligence
Will    .....        F - ring of protection from fire
Stlth   ++++         m - ring of magical power
HPRegen 0.31/turn    (no ring)
MPRegen 0.22/turn    (no ring)
                     (no ring)

%: no passive effects
@: no status effects
A: almost no armour, amphibious, 8 rings, camouflage 1, gelatinous body 1,
(nimble swimmer 1), tentacles
a: Renounce Religion, Evoke Blink, Potion Petition, Call Merchant, Bribe Branch


You were on level 7 of the Dungeon.
You worshipped Gozag.
Gozag was pleased with you.
You visited 2 branches of the dungeon, and saw 8 of its levels.

You collected 879 gold pieces.
You paid 49 gold pieces to Gozag.


Innate Abilities, Weirdness & Mutations

You cannot wear most types of armour.
You are amphibious.
You can wear up to eight rings at the same time.
Your skin changes colour to match your surroundings (Stealth+).
Your rubbery body absorbs attacks. (AC +1, EV +1)
((You are camouflaged when in or above water. (Stealth+)))
You have tentacles for arms and can constrict up to eight enemies at once.


   Skills:
 + Level 7.8 Fighting
 - Level 3.0 Short Blades
 - Level 5.0 Dodging
 - Level 6.0 Stealth
 - Level 5.0 Shields
 - Level 3.0 Spellcasting
 - Level 3.0 Conjurations
 - Level 3.0 Summonings
 - Level 2.0 Translocations
 - Level 3.0 Air Magic
 - Level 3.0 Alchemy


You had 8 spell levels left.
You knew the following spells:

 Your Spells              Type           Power      Damage    Failure   Level
c - Call Imp              Summ           40%        N/A       5%          2
d - Mephitic Cloud        Conj/Alch/Air  20%        N/A       11%         3
m - Magic Dart            Conj           80%        1d7       3%          1

Your spell library contained the following spells:

 Spells                   Type           Power      Damage    Failure   Level
 Blink                    Tloc           28%        N/A       9%          2
 Cigotuvi's Dreadful Rot  Necr/Alch/Air  28%        N/A       9%          2
 Freeze                   Ice            16%        1d4       13%         1
 Slow                     Hex            16%        N/A       13%         1
 Hailstorm                Conj/Ice       12%        3d6       21%         3
 Frozen Ramparts          Ice            8%         1d2       36%         3

Inventory:

Hand Weapons
 i - the +9 dagger of Superiority (weapon) {flame, +Blink Dex+2}
   (You found it on level 2 of the Dungeon)

   Dex+2:     It affects your dexterity (+2).
   +Blink:    It lets you blink.
Missiles
 b - 5 throwing nets {=f}
 d - 76 stones
 o - 8 poisoned darts
Armour
 f - a +0 hat (worn)
 g - a +0 buckler (worn)
Magical Staves
 p - a staff of death {!a}
Jewellery
 m - a ring of magical power (on tentacle)
 v - a ring of see invisible (right tentacle)
 C - a ring of ice
 D - a ring of magical power
 F - a ring of protection from fire (on tentacle)
 I - a +6 ring of intelligence (on tentacle)
 M - a ring of magical power (left tentacle)
Wands
 s - a wand of mindburst (7)
 E - a wand of flame (16)
Scrolls
 a - 3 scrolls of amnesia {unknown}
 h - 2 scrolls of teleportation {unknown}
 l - a scroll of fear {unknown}
 q - 2 scrolls of revelation {unknown}
 r - a scroll of butterflies {unknown}
 t - 2 scrolls of enchant armour {unknown}
 u - a scroll of brand weapon {unknown}
 y - a scroll of blinking {unknown}
 z - 2 scrolls of noise {unknown}
 A - 3 scrolls of identify {unknown}
 B - a scroll of silence {unknown}
 G - a scroll of enchant weapon {unknown}
Potions
 c - a potion of magic
 e - 5 potions of curing {unknown}
 j - a potion of degeneration {unknown}
 k - 2 potions of might
 n - a potion of resistance {unknown}
 w - a potion of haste {unknown}
 x - a potion of enlightenment {unknown}

Dungeon Overview and Level Annotations

Branches:
Dungeon (7/15)             Temple (1/1) D:4

Altars:
Ashenzari
Cheibriados
Dithmenos
Elyvilon
Gozag
Hepliaklqana
Kikubaaqudgha
Nemelex Xobeh
Okawaru
Qazlal
Ru
Trog
Vehumet
Wu Jian
Xom
Yredelemnul
Zin
The Shining One

##### ....# ....
▒▒▒..# ▒▒▒ ▒....#.#
▒..▒▒§▒..#.#
▒...▒○☼..#.#
▒▒$.B§.#.#
▒.▒@▒....#
▒....o▒$.▒....#####
#####
▒.▒..!▒▒5.▒.........
[....
▒c▒..▒..▒.▒.######
##### ..▒.▒ ▒▒▒..▒.#
##### ▒.▒
▒▒...#########...<
▒. ▒.▒...........###
▒ ▒.▒▒...###########
........# #.


You could see a boulder beetle (confused, ally target) and a friendly cerulean
imp (summoned).


Message History

The boulder beetle is engulfed in noxious fumes.
The boulder beetle closely misses you.
You hit the boulder beetle but do no damage.
You tentacle-slap the boulder beetle, but do no damage.
You squeeze the boulder beetle, but do no damage.
The boulder beetle is severely wounded.
The boulder beetle is engulfed in noxious fumes.
The boulder beetle bites you!
* * * LOW HITPOINT WARNING * * *
You hit the boulder beetle but do no damage.
The boulder beetle is severely wounded.
The boulder beetle is engulfed in noxious fumes.
The boulder beetle barely misses you.
You hit the boulder beetle but do no damage.
The boulder beetle is severely wounded.
You barely miss the boulder beetle.
The boulder beetle is severely wounded.
The boulder beetle is engulfed in noxious fumes.
The boulder beetle appears confused.
Casting: Mephitic Cloud (dangerous; 11% risk of failure)
Confirm with . or Enter, or press ? or * to list all spells.
A tiny devil pulls itself out of the air.
The boulder beetle is engulfed in noxious fumes.
The boulder beetle appears confused.
You hit the boulder beetle but do no damage.
You squeeze the boulder beetle.
The boulder beetle is severely wounded.
The boulder beetle bites you!!
You die...
Your body crumbles into a pile of gold.

Skill      XL: |  1  2  3  4  5  6  7  8  9 |
---------------+----------------------------+-----
Fighting       | 1 2 3 4 5 7 |  7.8
Summonings     | 3 |  3.0
Translocations | 2 |  2.0
Stealth        | 4 6 |  6.0
Shields        | 2 4 5 |  5.0
Alchemy        | 2 3 |  3.0
Air Magic      | 2 3 |  3.0
Conjurations   | 3 |  3.0
Short Blades   | 3 |  3.0
Dodging        | 5 |  5.0
Spellcasting   | |  3.0

Action                     |  1- 3 |  4- 6 |  7- 9 || total
---------------------------+-------+-------+-------++-------
  Melee: Dagger            |    25 |    50 |   176 ||   251
         Constrict         |     6 |    11 |    35 ||    52
         Tentacles         |     2 |     7 |    47 ||    56
         Punch             |       |       |     5 ||     5
   Fire: Sling             |    10 |       |       ||    10
   Cast: Magic Dart        |    54 |    80 |    23 ||   157
         Call Imp          |     5 |    12 |    14 ||    31
         Mephitic Cloud    |       |       |    15 ||    15
    Use: Potion            |       |     1 |       ||     1
   Stab: Sleeping          |     3 |    10 |     6 ||    19
         Confused          |       |       |     6 ||     6
         Distracted        |       |       |     2 ||     2
 Armour: Skin              |    13 |    34 |    64 ||   111
  Dodge: Dodged            |    23 |    24 |    52 ||    99
  Block: Buckler           |       |     4 |    25 ||    29

Levels and vault maps discovered:
D:1:      dpeg_arrival_boxorama, layout_rooms, minmay_bisected
D:2:      layout_basic
D:3:      kennysheep_slugbush, layout_basic,
          mainiacjoe_overflow_large_starburst, nicolae_overflow_hidden_temple,
          serial_glass, glass_columns_c, glass_columns_a, feat_on_display,
          minmay_strange_pillars, grunt_ministairs_15
D:4:      layout_basic, minmay_temple_entry_ruins,
          chequers_serial_rivers_large_a, minivault_27, minmay_small_thing
D:5:      layout_layer_cave, minmay_bent
D:6:      minmay_skewed_foursquare, layout_basic, uniq_prince_ribbit1
D:7:      minmay_the_grid_triangle_9x9_rhombus_full
          [minmay_the_grid_triangle_9x9_zippers_horizontal,
          minmay_the_grid_triangle_9x9_corruption,
          minmay_the_grid_triangle_9x9_steps,
          minmay_the_grid_triangle_9x9_wacky_v,
          minmay_the_grid_triangle_9x9_empty,
          minmay_the_grid_triangle_9x9_semitri,
          minmay_the_grid_triangle_9x9_flanged_cone,
          minmay_the_grid_triangle_9x9_prize_center], layout_rooms,
          demons_altar, solitary_fountain, minmay_shattered_shrine
Temple:   eino_narrow_crystal_temple

Notes
Turn   | Place    | Note
-------+----------+-------------------------------------------
     0 | D:1      | Ensor the Octopode Hedge Wizard began the quest for the
                  | Orb.
     0 | D:1      | Reached XP level 1. HP: 11/11 MP: 4/4
    60 | D:1      | Reached skill level 1 in Fighting
   219 | D:1      | Reached XP level 2. HP: 8/18 MP: 6/6
   362 | D:1      | Learned a level 2 spell: Call Imp
   533 | D:1      | Reached skill level 2 in Fighting
  1144 | D:2      | Reached XP level 3. HP: 24/24 MP: 7/7
  1210 | D:2      | Identified the +9 dagger of Superiority {flame, +Blink
                  | Dex+2}
  1344 | D:2      | Reached skill level 2 in Summonings
  1796 | D:2      | Reached skill level 3 in Summonings
  1796 | D:2      | Reached XP level 4. HP: 26/29 MP: 8/8
  2048 | D:2      | Reached skill level 2 in Translocations
  3028 | D:3      | Reached XP level 5. HP: 35/35 MP: 9/9
  3108 | D:3      | Found a sacrificial altar of Ru.
  3137 | D:3      | Found a glowing golden altar of the Shining One.
  3154 | D:3      | Reached skill level 3 in Fighting
  3306 | D:3      | Reached skill level 3 in Stealth
  3634 | D:3      | Found a hazy altar of Hepliaklqana.
  3635 | D:3      | Found a stormy altar of Qazlal.
  3876 | D:4      | Found a staircase to the Ecumenical Temple.
  3886 | D:4      | Reached skill level 4 in Stealth
  3893 | Temple   | Entered the Ecumenical Temple
  3908 | Temple   | Became a worshipper of Gozag Ym Sagoz the Greedy
  3927 | Temple   | Learned a level 3 spell: Mephitic Cloud
  3932 | D:4      | Noticed a black bear
  3942 | D:4      | Killed a black bear
  3943 | D:4      | Reached skill level 2 in Shields
  3943 | D:4      | Reached XP level 6. HP: 33/42 MP: 10/10
  3982 | D:4      | Reached skill level 3 in Shields
  4335 | D:4      | Noticed a water moccasin
  4340 | D:4      | Killed a water moccasin
  4341 | D:4      | Reached skill level 4 in Shields
  4346 | D:4      | HP: 4/42 [poisoned by a water moccasin]
  4350 | D:4      | HP: 1/42 [poisoned by a water moccasin]
  4804 | D:4      | Reached XP level 7. HP: 32/46 MP: 11/11
  5091 | D:4      | Reached skill level 1 in Alchemy
  5095 | D:4      | Reached skill level 1 in Air Magic
  5283 | D:5      | Entered Level 5 of the Dungeon
  5306 | D:5      | Reached skill level 4 in Fighting
  5306 | D:5      | Reached skill level 2 in Conjurations
  5323 | D:5      | Reached skill level 2 in Alchemy
  5329 | D:5      | Reached skill level 3 in Conjurations
  5362 | D:5      | Reached skill level 2 in Air Magic
  5441 | D:5      | Reached XP level 8. HP: 37/54 MP: 12/12
  5448 | D:5      | Reached skill level 3 in Alchemy
  5517 | D:5      | Identified +0 pearl dragon scales
  5637 | D:5      | Reached skill level 5 in Stealth
  5915 | D:5      | Reached skill level 6 in Stealth
  6695 | D:6      | Noticed Prince Ribbit
  6870 | D:6      | Noticed a troll
  7161 | D:6      | Reached skill level 5 in Fighting
  7161 | D:6      | Reached skill level 5 in Shields
  7168 | D:6      | Reached skill level 1 in Short Blades
  7215 | D:6      | Reached skill level 2 in Short Blades
  7230 | D:6      | Killed Prince Ribbit
  7231 | D:6      | Reached skill level 3 in Short Blades
  7231 | D:6      | Reached skill level 3 in Air Magic
  7231 | D:6      | Reached XP level 9. HP: 36/61 MP: 13/13
  7435 | D:6      | Reached skill level 6 in Fighting
  7898 | D:6      | Killed a troll
  7899 | D:6      | Reached skill level 7 in Fighting
  7899 | D:6      | Reached skill level 3 in Dodging
  8444 | D:6      | Reached skill level 4 in Dodging
  8483 | D:7      | Reached skill level 5 in Dodging
  8635 | D:7      | Noticed a boulder beetle
  8655 | D:7      | Slain by a boulder beetle

Vanquished Creatures
  A troll (D:6)
  A steam dragon (D:7)
  2 water moccasins
  2 black bears
  A sky beast (D:6)
  2 ogres (D:6)
  4 centaurs
  A phantom (D:6)
  2 bullfrogs
  3 scorpions
  A howler monkey (D:7)
  2 jellies
  3 orc priests
  5 hounds
  A gnoll bouda (D:5)
  6 iguanas
  6 orc wizards
  A sleepcap (D:7)
  6 gnolls
  7 adders
  A shadow imp (D:5)
  3 white imps
  10 dart slugs
  5 ribbon worms
  10 orcs
  5 endoplasms
  5 giant cockroaches
  6 hobgoblins
  10 jackals
  5 quokkas
  5 bats
  3 frilled lizards
  4 goblins
  5 kobolds
  10 rats
144 creatures vanquished.

Vanquished Creatures (collateral kills)
  Prince Ribbit (D:6)
  An ogre (D:5)
  2 gnolls (D:4)
  An adder (D:2)
  A ribbon worm (D:2)
  An orc (D:5)
  A ball python (D:2)
8 creatures vanquished.

Grand Total: 152 creatures vanquished

Table legend: (Time is in decaauts)
 A = Elapsed time spent in this place.
 B = Non-inter-level travel time spent in this place.
 C = Inter-level travel time spent in this place.
 D = Time resting spent in this place.
 E = Time spent auto-exploring this place.
 F = Levels seen in this place.
 G = Mean time per level.
                   A        B        C        D        E       F      G
               +--------+--------+--------+--------+--------+-----+--------+
         Total |   8652 |   8365 |    287 |   1800 |   5324 |   8 | 1081.5 |
       Dungeon |   8617 |   8358 |    259 |   1800 |   5324 |   7 | 1231.0 |
        Temple |     34 |      6 |     28 |      0 |      0 |   1 |   34.0 |
               +--------+--------+--------+--------+--------+-----+--------+

Top non-repeatable levels by time:
     D:2: 1753 daAuts
     D:6: 1608 daAuts
     D:5: 1581 daAuts
     D:4: 1388 daAuts
     D:3: 1301 daAuts
     D:1: 807 daAuts
     D:7: 176 daAuts
  Temple: 34 daAuts

Table legend:
 A = Non-vault XP
 B = Vault XP
 C = Vault XP percentage of total XP
 D = Non-vault monster count
 E = Vault monster count
 F = Vault count percentage of total count
                 A         B        C        D         E       F
            +---------+---------+-------+---------+---------+-------
      Total |    3341 |     905 |  21.3 |     123 |      29 |  19.1
            +---------+---------+-------+---------+---------+-------
        D:1 |      14 |       6 |  30.0 |       8 |       4 |  33.3
        D:2 |     107 |       0 |   0.0 |      33 |       0 |   0.0
        D:3 |      78 |      37 |  32.2 |      14 |      10 |  41.7
        D:4 |     466 |     131 |  21.9 |      19 |       2 |   9.5
        D:5 |     558 |     194 |  25.8 |      19 |       5 |  20.8
        D:6 |    1571 |     407 |  20.6 |      25 |       4 |  13.8
        D:7 |     547 |     130 |  19.2 |       5 |       4 |  44.4
            +---------+---------+-------+---------+---------+-------
